General information
			
			
        
        - name: BNet
 
        - type: Ladder team game (AT/RT)
 
        - host: Battle.net
 
        - saver: lame.snow
 
        
map: SunrockCove 
        - players: 6
 
        - length: 156:42
 
        - speed: Fast
 - version: 1.22 W3XP
 - replay type:  Public
 
» download(620 KB)
Players
        team 1 (winner) 
              
              
Iame.snow (
blue | 28 APM | 4456 actions | 156:41)
              
 8 Archmage 
 3 Blizzard
 3 Brilliance Aura
 1 Mass Teleport
 1 Summon Water Elemental
 
                » actions 
                
                | Basic commands | 35 |  | 
| Build / train | 98 |  | 
| ESC pressed | 9 |  | 
| Enter build submenu | 51 |  | 
| Enter hero's abilities submenu | 11 |  | 
| Give item / drop item | 3 |  | 
| Remove unit from queue | 2 |  | 
| Right click | 2734 |  | 
| Select / deselect | 1063 |  | 
| Use ability | 443 |  | 
                4456 total
 » units 
                
                | Peasant | 23 |  | 
| Gryphon Rider | 1 |  | 
| Goblin Zeppelin | 1 |  | 
                25 total
 » upgrades
                » buildings
                
                | Altar of Kings | 4 |  | 
| Lumber Mill | 4 |  | 
| Farm | 8 |  | 
| Scout Tower | 125 |  | 
| Arcane Tower | 3 |  | 
| Keep | 3 |  | 
| Guard Tower | 50 |  | 
| Castle | 2 |  | 
| Gryphon Aviary | 2 |  | 
| Town Hall | 3 |  | 
| Arcane Vault | 1 |  | 
                205 total
 » build order
                00:09 Altar of Kings
00:28 Lumber Mill
01:18 Farm
01:52 Farm
02:28 Scout Tower
02:30 Scout Tower
03:00 Arcane Tower
03:03 Keep
03:48 Guard Tower
06:06 Castle
08:17 Gryphon Aviary
08:23 Gryphon Aviary
16:15 Town Hall
16:52 Altar of Kings
18:02 Farm
18:03 Farm
19:23 Lumber Mill
21:41 Scout Tower
21:42 Scout Tower
21:48 Scout Tower
21:49 Scout Tower
21:54 Scout Tower
21:56 Scout Tower
21:57 Scout Tower
22:27 Guard Tower
23:03 Guard Tower
23:04 Guard Tower
23:07 Guard Tower
23:45 Scout Tower
23:46 Scout Tower
23:47 Scout Tower
23:49 Guard Tower
24:14 Guard Tower
24:39 Guard Tower
26:10 Scout Tower
26:11 Scout Tower
26:12 Scout Tower
27:05 Guard Tower
27:08 Scout Tower
27:09 Scout Tower
27:11 Scout Tower
27:11 Scout Tower
27:12 Scout Tower
28:10 Scout Tower
28:11 Scout Tower
28:11 Scout Tower
28:42 Keep
28:45 Guard Tower
28:50 Scout Tower
28:50 Scout Tower
28:52 Scout Tower
28:59 Scout Tower
29:02 Scout Tower
29:03 Scout Tower
29:11 Guard Tower
29:49 Guard Tower
30:18 Arcane Vault
30:25 Guard Tower
30:49 Guard Tower
30:55 Scout Tower
30:56 Scout Tower
31:13 Castle
33:23 Guard Tower
33:28 Scout Tower
33:30 Scout Tower
33:30 Scout Tower
33:32 Scout Tower
33:33 Scout Tower
33:34 Scout Tower
33:35 Scout Tower
41:45 Town Hall
45:59 Town Hall
50:20 Lumber Mill
50:38 Scout Tower
50:39 Scout Tower
50:40 Scout Tower
50:41 Scout Tower
51:16 Scout Tower
51:21 Scout Tower
51:22 Scout Tower
51:23 Scout Tower
51:24 Scout Tower
51:26 Scout Tower
51:27 Scout Tower
51:29 Scout Tower
51:30 Scout Tower
51:32 Scout Tower
51:33 Scout Tower
51:34 Scout Tower
51:41 Guard Tower
51:50 Guard Tower
51:52 Guard Tower
51:59 Guard Tower
52:14 Guard Tower
52:16 Guard Tower
52:22 Guard Tower
52:31 Scout Tower
52:32 Scout Tower
52:34 Scout Tower
52:34 Scout Tower
52:55 Guard Tower
53:00 Guard Tower
53:02 Scout Tower
53:03 Scout Tower
53:12 Guard Tower
53:34 Guard Tower
53:37 Guard Tower
53:40 Guard Tower
53:57 Guard Tower
54:04 Scout Tower
54:05 Scout Tower
54:08 Scout Tower
54:09 Scout Tower
54:09 Scout Tower
54:11 Guard Tower
54:13 Scout Tower
54:15 Guard Tower
54:21 Guard Tower
55:13 Scout Tower
55:22 Guard Tower
55:25 Guard Tower
56:35 Guard Tower
56:59 Scout Tower
57:00 Scout Tower
57:01 Scout Tower
57:05 Scout Tower
57:07 Scout Tower
57:08 Scout Tower
57:09 Scout Tower
57:10 Scout Tower
57:14 Scout Tower
57:30 Guard Tower
58:32 Guard Tower
59:45 Keep
60:02 Guard Tower
60:03 Guard Tower
60:04 Guard Tower
62:27 Scout Tower
62:29 Scout Tower
62:30 Scout Tower
62:32 Scout Tower
62:36 Scout Tower
62:46 Scout Tower
62:49 Scout Tower
62:53 Scout Tower
62:55 Scout Tower
62:57 Scout Tower
63:00 Scout Tower
63:03 Scout Tower
63:05 Scout Tower
63:08 Scout Tower
63:10 Scout Tower
63:12 Scout Tower
63:27 Scout Tower
63:28 Scout Tower
63:32 Scout Tower
63:34 Scout Tower
63:36 Scout Tower
64:23 Guard Tower
64:26 Guard Tower
64:30 Guard Tower
64:33 Guard Tower
64:59 Scout Tower
65:00 Scout Tower
65:01 Scout Tower
65:01 Scout Tower
65:02 Scout Tower
65:03 Scout Tower
65:11 Altar of Kings
65:39 Farm
65:40 Farm
67:43 Scout Tower
67:44 Scout Tower
67:44 Scout Tower
67:49 Scout Tower
67:51 Scout Tower
67:52 Scout Tower
67:54 Scout Tower
68:08 Scout Tower
68:09 Scout Tower
68:11 Scout Tower
68:12 Scout Tower
68:13 Scout Tower
68:15 Scout Tower
68:16 Scout Tower
68:18 Scout Tower
68:33 Guard Tower
69:08 Arcane Tower
69:12 Arcane Tower
72:13 Guard Tower
73:46 Altar of Kings
73:57 Farm
73:59 Farm
78:28 Lumber Mill
83:33 Scout Tower
83:34 Scout Tower
83:35 Scout Tower
83:36 Scout Tower
83:38 Scout Tower
83:39 Scout Tower
83:40 Scout Tower
84:03 Guard Tower
84:07 Guard Tower
95:19 Guard Tower
95:57 Guard Tower
» items
                 
               
              
              
lame.snow (
red | 61 APM | 9555 actions | 156:42)
              
 10 Goblin Alchemist 
 3 Chemical Rage
 3 Healing Spray
 1 Transmute
 3 Acid Bomb
 
                » actions 
                
                | Assign group hotkey | 24 |  | 
| Basic commands | 193 |  | 
| Build / train | 57 |  | 
| ESC pressed | 4 |  | 
| Enter build submenu | 63 |  | 
| Enter hero's abilities submenu | 13 |  | 
| Give item / drop item | 5 |  | 
| Right click | 5810 |  | 
| Select / deselect | 2502 |  | 
| Select group hotkey | 434 |  | 
| Use ability | 424 |  | 
                9555 total
 » units 
                
                | Peon | 9 |  | 
| Troll Headhunter/Berserker | 21 |  | 
| Goblin Zeppelin | 4 |  | 
                34 total
 » upgrades
                
                | Ranged Weapons | 2 |  | 
| Troll Regeneration | 1 |  | 
| Armor | 1 |  | 
                4 total
 » buildings
                
                | Altar of Storms | 2 |  | 
| Orc Burrow | 7 |  | 
| War Mill | 3 |  | 
| Barracks | 2 |  | 
| Voodoo Lounge | 1 |  | 
| Stronghold | 1 |  | 
| Watch Tower | 30 |  | 
| Fortress | 1 |  | 
| Great Hall | 2 |  | 
                49 total
 » build order
                00:03 Altar of Storms
00:13 Orc Burrow
00:40 War Mill
01:18 Barracks
02:48 Orc Burrow
04:07 Orc Burrow
04:18 Orc Burrow
04:19 Orc Burrow
04:56 Voodoo Lounge
07:24 Stronghold
11:33 Watch Tower
12:40 Watch Tower
14:10 Watch Tower
14:56 Fortress
15:15 Watch Tower
16:29 War Mill
17:45 Altar of Storms
17:57 Orc Burrow
17:58 Orc Burrow
19:15 Watch Tower
20:20 Watch Tower
20:52 Great Hall
23:12 Barracks
26:53 Watch Tower
26:54 Watch Tower
26:54 Watch Tower
30:09 Watch Tower
30:48 Watch Tower
33:24 Watch Tower
34:17 Watch Tower
35:38 Watch Tower
36:46 Watch Tower
50:48 War Mill
52:14 Great Hall
55:31 Watch Tower
56:01 Watch Tower
56:36 Watch Tower
56:38 Watch Tower
57:30 Watch Tower
57:39 Watch Tower
59:57 Watch Tower
60:01 Watch Tower
62:27 Watch Tower
62:36 Watch Tower
62:39 Watch Tower
63:37 Watch Tower
63:41 Watch Tower
63:44 Watch Tower
67:34 Watch Tower
» items
                
                | Boots of Speed | 1 |  | 
| Staff of Teleportation | 1 |  | 
| Lesser Clarity Potion | 1 |  | 
| Healing Salve | 1 |  | 
| Scroll of Town Portal | 1 |  | 
| Potion of Healing | 1 |  | 
                6 total
  
               
              
              
larne.snow (
pink | 22 APM | 3469 actions | 156:41)
              
 7 Warden 
 3 Fan of Knives
 3 Blink
 1 Spirit of Vengeance
 
                » actions 
                
                | Basic commands | 56 |  | 
| Build / train | 91 |  | 
| Enter build submenu | 30 |  | 
| Enter hero's abilities submenu | 12 |  | 
| Give item / drop item | 9 |  | 
| Remove unit from queue | 9 |  | 
| Right click | 2028 |  | 
| Select / deselect | 1021 |  | 
| Use ability | 212 |  | 
                3469 total
 » units 
                
                | Wisp | 23 |  | 
| Archer | 10 |  | 
| Goblin Zeppelin | 2 |  | 
| Druid of the Talon | 9 |  | 
| Hippogryph | 5 |  | 
| Chimaera | 8 |  | 
                57 total
 » upgrades
                
                | Druid of the Talon Training | 1 |  | 
| Improved Bows | 1 |  | 
| Corrosive Breath | 1 |  | 
| Strength of the Wild | 3 |  | 
| Reinforced Hides | 1 |  | 
                7 total
 » buildings
                
                | Moon Well | 18 |  | 
| Altar of Elders | 5 |  | 
| Ancient of War | 1 |  | 
| Tree of Ages | 2 |  | 
| Ancient of Wind | 2 |  | 
| Ancient of Wonders | 1 |  | 
| Tree of Life | 2 |  | 
| Tree of Eternity | 1 |  | 
| Chimaera Roost | 1 |  | 
| Hunter's Hall | 1 |  | 
                34 total
 » build order
                00:10 Moon Well
00:13 Altar of Elders
00:40 Ancient of War
01:40 Moon Well
02:07 Moon Well
02:43 Moon Well
04:59 Moon Well
05:03 Tree of Ages
06:34 Moon Well
08:08 Ancient of Wind
20:10 Moon Well
20:11 Moon Well
20:15 Altar of Elders
21:12 Moon Well
21:14 Moon Well
22:20 Ancient of Wonders
46:58 Moon Well
47:01 Altar of Elders
51:37 Altar of Elders
52:55 Tree of Life
88:53 Moon Well
89:02 Moon Well
89:07 Altar of Elders
125:40 Tree of Life
132:07 Tree of Ages
134:31 Tree of Eternity
135:42 Ancient of Wind
136:57 Chimaera Roost
138:59 Moon Well
139:00 Moon Well
141:09 Moon Well
141:09 Moon Well
141:18 Hunter's Hall
143:59 Moon Well
» items
                
                | Periapt of Vitality | 3 |  | 
| Scroll of Town Portal | 1 |  | 
| Orb of Fire | 1 |  | 
| Staff of Teleportation | 1 |  | 
| Boots of Speed | 2 |  | 
                8 total
  
               team 2 (loser) 
              
              
» 
KpacHbIe-TpycbI (
yellow | 32 APM | 4990 actions | 156:41)
              
 9 Mountain King 
 3 Storm Bolt
 3 Bash
 1 Avatar
 2 Thunder Clap
 
                » actions 
                
                | Assign group hotkey | 49 |  | 
| Basic commands | 67 |  | 
| Build / train | 160 |  | 
| Enter build submenu | 54 |  | 
| Enter hero's abilities submenu | 9 |  | 
| Give item / drop item | 2 |  | 
| Remove unit from queue | 2 |  | 
| Right click | 2544 |  | 
| Select / deselect | 1491 |  | 
| Select group hotkey | 335 |  | 
| Use ability | 276 |  | 
                4990 total
 » units 
                
                | Peasant | 8 |  | 
| Footman | 10 |  | 
| Rifleman | 1 |  | 
| Priest | 6 |  | 
| Knight | 3 |  | 
| Siege Engine | 11 |  | 
| Goblin Zeppelin | 9 |  | 
| Flying Machine | 14 |  | 
| Dragonhawk Rider | 47 |  | 
                109 total
 » upgrades
                
                | Lumber Harvesting | 2 |  | 
| Priest Training | 1 |  | 
| Barrage | 1 |  | 
| Gunpowder | 1 |  | 
| Flak Cannons | 1 |  | 
| Flying Machine Bombs | 1 |  | 
| Swords | 3 |  | 
| Cloud | 1 |  | 
| Plating | 3 |  | 
| Masonry | 3 |  | 
                17 total
 » buildings
                
                | Farm | 14 |  | 
| Altar of Kings | 1 |  | 
| Barracks | 2 |  | 
| Scout Tower | 33 |  | 
| Arcane Tower | 3 |  | 
| Lumber Mill | 1 |  | 
| Keep | 1 |  | 
| Blacksmith | 1 |  | 
| Arcane Sanctum | 1 |  | 
| Arcane Vault | 1 |  | 
| Castle | 1 |  | 
| Guard Tower | 14 |  | 
| Gryphon Aviary | 4 |  | 
| Workshop | 2 |  | 
| Town Hall | 4 |  | 
                83 total
 » build order
                00:05 Farm
00:08 Altar of Kings
00:15 Farm
00:58 Barracks
01:46 Scout Tower
02:12 Farm
02:36 Arcane Tower
02:43 Lumber Mill
02:58 Farm
03:23 Keep
04:52 Barracks
05:09 Farm
05:10 Farm
05:12 Farm
05:26 Blacksmith
05:59 Arcane Sanctum
07:22 Arcane Vault
07:45 Castle
08:15 Farm
08:47 Scout Tower
08:49 Farm
10:25 Farm
11:08 Guard Tower
11:13 Gryphon Aviary
11:18 Workshop
11:20 Workshop
12:57 Farm
12:59 Farm
17:31 Farm
21:09 Town Hall
28:10 Town Hall
32:13 Town Hall
32:34 Gryphon Aviary
32:37 Gryphon Aviary
33:28 Gryphon Aviary
55:39 Town Hall
60:54 Scout Tower
60:54 Scout Tower
60:58 Scout Tower
61:26 Arcane Tower
61:29 Arcane Tower
62:25 Guard Tower
111:35 Scout Tower
111:43 Scout Tower
111:44 Scout Tower
111:45 Scout Tower
111:47 Scout Tower
111:49 Scout Tower
111:50 Scout Tower
111:52 Scout Tower
111:52 Scout Tower
111:53 Scout Tower
111:55 Scout Tower
111:57 Scout Tower
111:59 Scout Tower
111:59 Scout Tower
112:01 Scout Tower
112:01 Scout Tower
112:02 Scout Tower
112:12 Guard Tower
112:39 Guard Tower
112:42 Guard Tower
112:44 Guard Tower
113:22 Guard Tower
116:17 Guard Tower
116:23 Scout Tower
116:24 Scout Tower
116:27 Scout Tower
116:28 Scout Tower
116:29 Scout Tower
116:31 Scout Tower
116:58 Guard Tower
117:00 Guard Tower
117:05 Guard Tower
117:27 Guard Tower
117:29 Guard Tower
117:31 Guard Tower
124:34 Farm
138:33 Scout Tower
140:00 Scout Tower
140:29 Scout Tower
140:56 Scout Tower
141:57 Scout Tower
» items
                
                | Lesser Clarity Potion | 1 |  | 
| Boots of Speed | 1 |  | 
| Dust of Appearance | 1 |  | 
                3 total
  
               
              
              
LOST-SOULS (
orange | 27 APM | 4277 actions | 156:41)
              
 6 Archmage 
 3 Blizzard
 3 Summon Water Elemental
 
                » actions 
                
                | Assign group hotkey | 28 |  | 
| Basic commands | 32 |  | 
| Build / train | 130 |  | 
| Enter build submenu | 50 |  | 
| Enter hero's abilities submenu | 6 |  | 
| Remove unit from queue | 7 |  | 
| Right click | 2134 |  | 
| Select / deselect | 1603 |  | 
| Select group hotkey | 156 |  | 
| Use ability | 127 |  | 
                4277 total
 » units 
                
                | Peasant | 10 |  | 
| Footman | 8 |  | 
| Rifleman | 15 |  | 
| Knight | 7 |  | 
| Goblin Zeppelin | 9 |  | 
| Siege Engine | 3 |  | 
| Gryphon Rider | 22 |  | 
| Dragonhawk Rider | 5 |  | 
| Mortar Team | 3 |  | 
                82 total
 » upgrades
                
                | Defend | 1 |  | 
| Gunpowder | 2 |  | 
| Long Rifles | 1 |  | 
| Barrage | 1 |  | 
| Animal War Training | 1 |  | 
| Plating | 1 |  | 
| Cloud | 1 |  | 
| Swords | 2 |  | 
                10 total
 » buildings
                
                | Farm | 16 |  | 
| Scout Tower | 38 |  | 
| Barracks | 3 |  | 
| Altar of Kings | 1 |  | 
| Lumber Mill | 3 |  | 
| Arcane Tower | 2 |  | 
| Blacksmith | 1 |  | 
| Guard Tower | 18 |  | 
| Keep | 1 |  | 
| Castle | 1 |  | 
| Workshop | 4 |  | 
| Town Hall | 4 |  | 
| Gryphon Aviary | 6 |  | 
| Arcane Vault | 1 |  | 
                99 total
 » build order
                00:11 Farm
00:12 Farm
00:16 Farm
00:18 Farm
00:23 Scout Tower
00:30 Barracks
00:34 Barracks
01:03 Altar of Kings
01:36 Lumber Mill
01:47 Scout Tower
02:01 Arcane Tower
02:28 Arcane Tower
02:40 Farm
03:48 Blacksmith
04:22 Farm
04:26 Scout Tower
05:04 Barracks
05:30 Farm
05:32 Farm
05:37 Guard Tower
07:05 Keep
07:19 Scout Tower
07:20 Scout Tower
07:25 Farm
07:27 Farm
07:50 Guard Tower
08:19 Guard Tower
11:54 Castle
13:05 Farm
13:10 Farm
14:44 Workshop
17:07 Farm
17:08 Farm
17:09 Farm
23:20 Town Hall
33:44 Gryphon Aviary
33:46 Gryphon Aviary
34:22 Farm
36:45 Town Hall
39:33 Gryphon Aviary
39:37 Gryphon Aviary
39:39 Gryphon Aviary
40:00 Arcane Vault
40:16 Gryphon Aviary
43:21 Workshop
43:22 Workshop
44:32 Workshop
56:25 Lumber Mill
64:02 Town Hall
64:49 Lumber Mill
85:40 Town Hall
108:58 Scout Tower
108:59 Scout Tower
108:59 Scout Tower
109:00 Scout Tower
109:02 Scout Tower
109:04 Scout Tower
111:47 Guard Tower
111:53 Guard Tower
113:49 Guard Tower
113:58 Scout Tower
113:59 Scout Tower
114:00 Scout Tower
114:02 Scout Tower
114:03 Scout Tower
114:04 Scout Tower
114:09 Scout Tower
114:10 Scout Tower
114:13 Scout Tower
114:15 Scout Tower
114:17 Scout Tower
114:19 Scout Tower
115:27 Guard Tower
115:32 Scout Tower
115:34 Scout Tower
115:39 Scout Tower
115:42 Scout Tower
115:43 Scout Tower
116:31 Guard Tower
116:54 Guard Tower
117:25 Guard Tower
117:49 Guard Tower
119:53 Scout Tower
121:53 Scout Tower
122:02 Scout Tower
122:04 Scout Tower
122:05 Scout Tower
122:10 Scout Tower
122:11 Scout Tower
122:12 Scout Tower
122:15 Guard Tower
122:46 Guard Tower
122:54 Guard Tower
123:40 Guard Tower
123:48 Guard Tower
124:40 Guard Tower
124:42 Guard Tower
124:48 Scout Tower
124:55 Scout Tower
 
               
              
              
shrederrr (
purple | 20 APM | 2870 actions | 144:32)
              
 8 Demon Hunter 
 3 Immolation
 3 Evasion
 1 Metamorphosis
 1 Mana Burn
 2 Firelord 
 1 Incinerate
 1 Summon Lava Spawn
 2 Priestess of the Moon 
 1 Trueshot Aura
 1 Searing Arrows
 
                » actions 
                
                | Assign group hotkey | 10 |  | 
| Build / train | 181 |  | 
| Enter build submenu | 34 |  | 
| Enter hero's abilities submenu | 13 |  | 
| Remove unit from queue | 15 |  | 
| Right click | 1638 |  | 
| Select / deselect | 784 |  | 
| Select group hotkey | 51 |  | 
| Use ability | 142 |  | 
                2870 total
 » units 
                
                | Wisp | 28 |  | 
| Huntress | 8 |  | 
| Archer | 8 |  | 
| Hippogryph | 9 |  | 
| Chimaera | 46 |  | 
| Glaive Thrower | 21 |  | 
| Goblin Zeppelin | 5 |  | 
                125 total
 » upgrades
                
                | Strength of the Moon | 3 |  | 
| Moon Armor | 3 |  | 
| Hippogryph Taming | 1 |  | 
| Upgrade Moon Glaive | 1 |  | 
| Sentinel | 1 |  | 
| Well Spring | 1 |  | 
| Backpack | 1 |  | 
| Ultravision | 1 |  | 
| Corrosive Breath | 1 |  | 
| Strength of the Wild | 3 |  | 
| Reinforced Hides | 3 |  | 
| Improved Bows | 1 |  | 
| Marksmanship | 1 |  | 
| Vorpal Blades | 1 |  | 
                22 total
 » buildings
                
                | Altar of Elders | 1 |  | 
| Moon Well | 9 |  | 
| Ancient of War | 2 |  | 
| Hunter's Hall | 1 |  | 
| Ancient of Wonders | 1 |  | 
| Tree of Ages | 1 |  | 
| Ancient of Wind | 1 |  | 
| Ancient of Lore | 1 |  | 
| Tree of Eternity | 1 |  | 
| Tree of Life | 4 |  | 
| Chimaera Roost | 2 |  | 
| Ancient Protector | 1 |  | 
| Guard Tower |  |  | 
                25 total
 » build order
                00:07 Altar of Elders
00:14 Moon Well
01:01 Ancient of War
02:08 Hunter's Hall
02:27 Moon Well
02:48 Ancient of War
03:45 Ancient of Wonders
03:51 Moon Well
05:52 Moon Well
06:26 Tree of Ages
08:05 Moon Well
08:56 Ancient of Wind
09:00 Ancient of Lore
11:38 Tree of Eternity
13:14 Moon Well
14:27 Tree of Life
20:13 Chimaera Roost
22:40 Moon Well
22:51 Moon Well
25:16 Tree of Life
25:32 Moon Well
31:22 Ancient Protector
40:43 Chimaera Roost
46:50 Tree of Life
92:29 Tree of Life
» items
                
                | Boots of Speed | 1 |  | 
| Staff of Teleportation | 2 |  | 
| Potion of Lesser Invulnerability | 1 |  | 
| Periapt of Vitality | 1 |  | 
| Scroll of Protection | 1 |  | 
                6 total
  
                Chat log
          
(29:26 / All) lame.snow: :0
(29:31 / All) KpacHbIe-TpycbI: noobs
(29:33 / All) lame.snow: pwned
(37:11 / All) KpacHbIe-TpycbI: ^^
(37:13 / All) lame.snow: ^^
(39:02 / All) LOST-SOULS: строители хуевы=)
(39:02 / All) KpacHbIe-TpycbI: leav pls
(39:08 / All) LOST-SOULS: время ток тянули
(49:25 / All) shrederrr: ладно я хавать пошёл
(50:05 / All) KpacHbIe-TpycbI: leav pls noob
(53:22 / All) KpacHbIe-TpycbI: NOOBS
(53:24 / All) lame.snow: :)
(55:22 / All) KpacHbIe-TpycbI: it was not tired of you
(55:25 / All) lame.snow: ?
(55:36 / All) larne.snow: say again pls
(55:45 / All) KpacHbIe-TpycbI: it was not tired of you
(55:56 / All) larne.snow: oke again in a good sentence
(56:43 / All) KpacHbIe-TpycbI: will we wait while at you golda will make off?
(57:03 / All) larne.snow: oke learn english and then type that again
(57:18 / All) LOST-SOULS: ебаные пидоры самх не заебало ещё?)
(59:16 / All) KpacHbIe-TpycbI: noob
(59:18 / All) KpacHbIe-TpycbI: 1x1
(59:21 / All) KpacHbIe-TpycbI: go
(61:42 / All) KpacHbIe-TpycbI: Stay noob
(61:51 / All) Iame.snow: we will
(61:54 / All) Iame.snow: in this game
(66:29 / All) KpacHbIe-TpycbI: gold ..........
(66:31 / All) lame.snow: what?
(66:36 / All) lame.snow: u need some?
(66:37 / All) Iame.snow: indeed fly over us
(66:42 / All) Iame.snow: we ned it
(66:44 / All) Iame.snow: need*
(69:13 / All) lame.snow: You mainland jerks...
(74:43 / All) Iame.snow: gold plix
(74:53 / All) LOST-SOULS: .i. !!!!
(77:21 / All) lame.snow: gg
(77:25 / All) lame.snow: meh :/
(77:32 / All) larne.snow: pay pal me 3 $ then it's your win
(77:35 / All) KpacHbIe-TpycbI: rly?
(77:38 / All) larne.snow: yeah
(78:28 / All) KpacHbIe-TpycbI: leav 
(78:30 / All) KpacHbIe-TpycbI: pls naps
(78:34 / All) lame.snow: lol
(78:36 / All) lame.snow: kill us
(78:38 / All) lame.snow: pls naps
(78:40 / All) larne.snow: lol is that a joke ??
(80:01 / All) lame.snow: :)
(80:59 / All) lame.snow: :P
(81:14 / All) lame.snow: DOTA!!!
(93:03 / All) KpacHbIe-TpycbI: i go sleep
(93:05 / All) lame.snow: ok
(93:05 / All) lame.snow: np
(93:12 / All) Iame.snow: sounds like a free win for us
(93:22 / All) lame.snow: :)
(94:12 / All) lame.snow: :)
(97:11 / All) Iame.snow: hey yellow!
(97:23 / All) larne.snow: we want gold so sent some units
(97:24 / All) KpacHbIe-TpycbI: what?
(97:30 / All) lame.snow: we thought you were sleeping?
(97:30 / All) Iame.snow: HA you aren't sleeping!
(97:42 / All) lame.snow: gotcha :D
(97:46 / All) larne.snow: LIER !!!
(97:56 / All) Iame.snow: LIER
(97:57 / All) Iame.snow: LIER
(97:59 / All) Iame.snow: LIER
(97:59 / All) lame.snow: LIER
(98:00 / All) Iame.snow: LIER
(98:01 / All) larne.snow: lier
(98:03 / All) Iame.snow: LIER
(98:05 / All) Iame.snow: LIER
(98:07 / All) larne.snow: LIER
(98:09 / All) larne.snow: LIER
(98:11 / All) Iame.snow: LIAR
(98:14 / All) Iame.snow: LIER*
(99:23 / All) larne.snow: gonne go eat so afk
(107:40 / All) Iame.snow: sleeping?
(112:32 / All) larne.snow: do you guys still have gold ??
(112:35 / All) lame.snow: we do
(115:08 / All) KpacHbIe-TpycbI: you complete fuckers are ready to tear ass after wines
(115:12 / All) lame.snow: what?
(115:20 / All) larne.snow: WHAT THE .... ?????
(115:20 / All) KpacHbIe-TpycbI: you are fucker
(115:30 / All) Iame.snow: why not try an fucker?
(116:39 / All) lame.snow: hi
(119:10 / All) KpacHbIe-TpycbI: ^^
(119:23 / All) Iame.snow: ^^
(128:14 / All) lame.snow: :)
(128:17 / All) shrederrr: =)
(132:29 / All) lame.snow: you still here?
(134:25 / All) Iame.snow: you know we won xD
(134:58 / All) shrederrr: fuck you fucking noobs
(135:04 / All) lame.snow: what?
(135:14 / All) shrederrr: нах послан
(135:41 / All) KpacHbIe-TpycbI: this the most dull game in my life
(135:46 / All) lame.snow: we know
(135:48 / All) lame.snow: pay 
(135:50 / All) lame.snow: us
(135:51 / All) lame.snow: :D
(135:55 / All) Iame.snow: 3$!!!
(136:31 / All) shrederrr: незнаю
(139:15 / All) LOST-SOULS: всё я дальше афк)
(148:43 / All) KpacHbIe-TpycbI: how many gold give after 1 creep
(148:49 / All) lame.snow: ?
(148:57 / All) KpacHbIe-TpycbI: u ulti
(149:03 / All) lame.snow: depends on unit
(149:11 / All) lame.snow: chimies = around 250
(149:16 / All) lame.snow: wisps 50
(149:24 / All) lame.snow: etc
(156:15 / All) lame.snow: gg
(156:22 / All) KpacHbIe-TpycbI: bad game
(156:29 / All) larne.snow: fun game
(156:31 / All) Iame.snow: for you guys xD
(156:34 / All) lame.snow: :D